 Seeded DCSS version 0.29-a0-617-g7a6b98fccd (webtiles) character file.

Game seed: 694206664214 (custom seed)

158 nrs142 the Skirmisher (level 5, -4/47 HPs)
             Began as a Minotaur Monk on June 17, 2022.
             Slain by Crazy Yiuf
             ... wielding a +3 quarterstaff of chaos
              (14 damage)
             ... on level 3 of the Dungeon.
             The game lasted 00:05:43 (3124 turns).

nrs142 the Skirmisher (Minotaur Monk)               Turns: 3124, Time: 00:05:43

Health: -4/47      AC:  3    Str: 17    XL:     5   Next: 16%
Magic:  1/1        EV: 13    Int:  7    God:
Gold:   142        SH:  0    Dex: 13    Spells: 4/4 levels left

rFire   . . .      SeeInvis .   b - +8 Wrath of Trog {antimagic, *Rage Rampage}
rCold   . . .      Faith    .   (shield currently unavailable)
rNeg    . . .      Spirit   .   k - +0 robe
rPois   .          Reflect  .   (helmet restricted)
rElec   .          Harm     .   e - +0 cloak
rCorr   .          Rampage  +   (no gloves)
Will    .....      Rage     50% (no boots)
Stlth   ++........              (no amulet)
HPRegen 0.15/turn               (no ring)
MPRegen 0.07/turn               (no ring)

@: lethally poisoned (-4 -> -19), hasted, very quick
A: horns 2, retaliatory headbutt
a: no special abilities


You were on level 3 of the Dungeon.
You visited 1 branch of the dungeon, and saw 3 of its levels.

You collected 142 gold pieces.

Inventory:

Hand Weapons
 a - a +1 hand axe of flaming
 b - the +8 Wrath of Trog (weapon) {antimagic, *Rage Rampage}
   (You found it on level 2 of the Dungeon)

   It reduces the magical energy of the wielder, and disrupts the spells and
   magical abilities of those it strikes.
   Natural abilities and divine invocations are not affected.
   It causes slowness and exhaustion when equipped.
   It extends the wielder's berserk rage when killing foes.
   *Rage:     It berserks you when you make melee attacks (+50% chance).
   Rampage:   It bestows one free step when moving towards enemies.
Armour
 e - a +0 cloak (worn)
 k - a +0 robe (worn)
Wands
 d - a wand of flame (4)
Scrolls
 f - a scroll of amnesia {unknown}
 g - a scroll of brand weapon {unknown}
 i - a scroll of fear {unknown}
 j - a scroll of magic mapping {unknown}
 n - 5 scrolls of identify {unknown}
 o - a scroll of blinking {unknown}
 r - a scroll of silence {unknown}
 t - a scroll of teleportation {unknown}
 u - a scroll of poison {unknown}
Potions
 c - a potion of ambrosia
 h - a potion of mutation {unknown}
 l - a potion of might {unknown}
 m - a potion of attraction {unknown}
 p - a potion of haste
 q - a potion of degeneration {unknown}
 s - a potion of invisibility {unknown}


   Skills:
 + Level 4.7 Fighting
 + Level 4.6 Axes
 + Level 4.3 Dodging
 + Level 2.7 Stealth


You had 4 spell levels left.
You didn't know any spells.
Your spell library contained the following spells:

 Spells                   Type           Power      Damage    Failure   Level
 Apportation              Tloc           0%         N/A       43%         1
 Necrotize                Necr           0%         1d4       43%         1
 Summon Small Mammal      Summ           0%         N/A       43%         1
 Gell's Gravitas          Tloc           0%         N/A       80%         3
 Teleport Other           Tloc           0%         N/A       80%         3
 Dispersal                Tloc           0%         N/A       100%        6


Dungeon Overview and Level Annotations

Branches:
Dungeon (3/15)

Altars:
Cheibriados

Shops:
D:2 [

Annotations:
D:3 Crazy Yiuf


Innate Abilities, Weirdness & Mutations

You have a pair of horns on your head.
You reflexively headbutt those who attack you in melee.


Message History

You recover from your berserk rage.
You start waiting.
Crazy Yiuf laughs, "Goldfish!
Dawk aubergine bush."
Crazy Yiuf cries, "You leg down broken song, no?"
Crazy Yiuf yells, "Flower!
Ice sing action."
Crazy Yiuf laughs, "Peeping Hive horse!"
Crazy Yiuf sings, "Trees, trees, trees, circus!"
Crazy Yiuf whimpers, "Leather koolooloo spinner!"
Crazy Yiuf whimpers, "Key disdain senile!"
Crazy Yiuf screams, "Hah return to song shoe!"
Crazy Yiuf says, "Crazy?
Crazy!?
PORCUPINE!"
Crazy Yiuf cries, "Ice!"
Crazy Yiuf waves his quarterstaff at you.
Crazy Yiuf laughs, "Mama!"
Crazy Yiuf grits, "Papa!"
Crazy Yiuf laughs, "Lugonu unthinkable sanguine!"
Crazy Yiuf grits, "Lay green tea!"
Crazy Yiuf sings, "Trees, trees, trees, circus!"
Done waiting.
You open the door. You hit Crazy Yiuf but do no damage.
You headbutt Crazy Yiuf, but do no damage.
Crazy Yiuf hits you with a +3 quarterstaff of chaos!
Crazy Yiuf freezes you.
Crazy Yiuf hits you with a +3 quarterstaff of chaos.
You hit Crazy Yiuf.
Crazy Yiuf is moderately wounded.
Crazy Yiuf closely misses you.
You barely miss Crazy Yiuf.
Crazy Yiuf is moderately wounded.
Crazy Yiuf hits you with a +3 quarterstaff of chaos!
You are lethally poisoned!
Crazy Yiuf screams, "Dawk forty-two sing-song!"
Crazy Yiuf closely misses you.
It was a potion of haste.
You feel yourself speed up.
* * * LOW HITPOINT WARNING * * *
You feel very sick.
Crazy Yiuf says, "Earwax leg canine!"
Crazy Yiuf hits you with a +3 quarterstaff of chaos!
You die...

#........# #.#
#.#.# ##########
#.# #.#.# #.#
#.#.# ### #.#.#
#.#.# ###♣♣♣♣♣
#.#.# ##....♣.♣♣♣
### ###.#.#
##......♣..♣#...#
#...#.#
#......♣♣♣♣@g...#
#...#.#
######.....♣♣
♣♣#..)# ###.#.#
.#....[.##♣♣ ###
#...#.# .#.######
#####†# .#.#
#.....# ...#
####### ##.# ###


You could see Crazy Yiuf.

Vanquished Creatures
  An orc wizard (D:3)
  Robin (D:3)
  An adder (D:2)
  3 worms (D:3)
  A dart slug (D:1)
  3 orcs (D:3)
  5 ball pythons
  5 bats
  5 endoplasms
  4 giant cockroaches
  9 hobgoblins
  8 jackals
  3 kobolds
  6 quokkas
  8 frilled lizards
  20 goblins
  4 rats
87 creatures vanquished.

Notes
Turn   | Place    | Note
-------+----------+-------------------------------------------
     0 | D:1      | nrs142 the Minotaur Monk began the quest for the Orb.
     0 | D:1      | Reached XP level 1. HP: 19/19 MP: 0/0
   102 | D:1      | You fall into a shaft and drop 1 floor!
   113 | D:2      | Reached XP level 2. HP: 26/27 MP: 1/1
   364 | D:2      | Reached XP level 3. HP: 33/33 MP: 2/2
   398 | D:2      | Found Nualeh's Antique Armour Emporium.
   454 | D:2      | Found the +8 Wrath of Trog {antimagic, *Rage Rampage}
  1214 | D:1      | Reached XP level 4. HP: 41/41 MP: 3/3
  1544 | D:3      | Found a snail-covered altar of Cheibriados.
  1560 | D:3      | Noticed Robin
  1578 | D:3      | Killed Robin
  2112 | D:3      | Reached XP level 5. HP: 22/47 MP: 1/4
  2981 | D:3      | Found a runed translucent door.
  2982 | D:3      | Noticed Crazy Yiuf
  3124 | D:3      | Slain by Crazy Yiuf

Illustrated notes

Levels and vault maps discovered:
D:1:      dpeg_arrival_radiant, layout_rooms, minmay_cut_off
D:2:      layout_basic, serial_shops, shop
D:3:      layout_basic, old_standard_altar, uniq_crazy_yiuf_cottage, uniq_robin

Skill      XL: |  1  2  3  4 |
---------------+-------------+-----
Fighting       | 4 |  4.7
Axes           | 4 |  4.6
Stealth        | 2 |  2.7
Dodging        | 4 |  4.3

Action                   |  1- 3 |  4- 6 || total
-------------------------+-------+-------++-------
Melee: Hand axe          |    71 |    39 ||   110
       Headbutt          |    13 |     9 ||    22
       Battleaxe         |     3 |    22 ||    25
       Punch             |     1 |       ||     1
  Use: Potion            |       |     2 ||     2
 Stab: Distracted        |     1 |       ||     1
       Sleeping          |     3 |     4 ||     7
Armor: Robe              |    12 |    27 ||    39
Dodge: Dodged            |    64 |    48 ||   112

Table legend: (Time is in decaauts)
 A = Elapsed time spent in this place.
 B = Non-inter-level travel time spent in this place.
 C = Inter-level travel time spent in this place.
 D = Time resting spent in this place.
 E = Time spent auto-exploring this place.
 F = Levels seen in this place.
 G = Mean time per level.
                   A        B        C        D        E       F      G
               +--------+--------+--------+--------+--------+-----+--------+
         Total |   3221 |   3140 |     81 |    560 |   2023 |   3 | 1073.7 |
       Dungeon |   3221 |   3140 |     81 |    560 |   2023 |   3 | 1073.7 |
               +--------+--------+--------+--------+--------+-----+--------+

Top non-repeatable levels by time:
     D:3: 1643 daAuts
     D:2: 862 daAuts
     D:1: 714 daAuts
